 Dungeon Sprint DCSS version 0.29-a0-468-ge57f7f99b4 (webtiles) character file.

Game seed: 17454948882406721327

1278 mhtbhm the Cleaver (level 8, -1/77 (83) HPs)
             Began as a Hill Orc Fighter on May 21, 2022.
             Was a Believer of Trog.
             Killed from afar by Josephine (29 damage)
             ... with a ghostly fireball
             ... in the Dungeon (Sprint III: "The Ten Rune Challenge").
             The game lasted 00:02:59 (1375 turns).

mhtbhm the Cleaver (Hill Orc Fighter)               Turns: 1375, Time: 00:03:00

HP:   -1/77 (83)    AC:  5    Str: 21    XL:     8   Next: 54%
MP:   8/8           EV:  9    Int:  8    God:    Trog [**....]
Gold: 43            SH:  5    Dex:  8    Spells: 7/7 levels left

rFire   . . .      SeeInvis .   a - +0 war axe
rCold   . . .      Faith    .   c - +0 buckler
rNeg    . . .      Spirit   .   b - +0 scale mail
rPois   .          Reflect  .   (no helmet)
rElec   .          Harm     .   (no cloak)
rCorr   .          Rampage  .   (no gloves)
Will    .....      NoTele   +   (no boots)
Stlth   ..........              (no amulet)
HPRegen 0.22/turn               (no ring)
MPRegen 0.11/turn               (no ring)

@: drained
A: clumsy 1, deformed body, subdued magic 1
a: Renounce Religion, Berserk, Trog's Hand


You were in the Dungeon.
You worshipped Trog.
Trog was pleased with you.
You visited 1 branch You collected 43 gold pieces.

Inventory:

Hand Weapons
 a - a +0 war axe (weapon)
Armour
 b - a +0 scale mail (worn)
 c - a +0 buckler (worn)
Scrolls
 i - 2 scrolls of torment {unknown}
 j - a scroll of blinking
 k - a scroll of fog {unknown}
 m - a scroll of brand weapon {unknown}
Potions
 d - a potion of might
 e - 2 potions of curing
 g - a potion of haste
 h - 2 potions of magic
 l - 4 potions of flight
Miscellaneous
 f - a phantom mirror (inert)


   Skills:
 + Level 11.9 Fighting
 + Level 13.6 Axes
 + Level 10.9 Armour
 + Level 1.0 Dodging
 + Level 8.5 Shields


You had 7 spell levels left.
You didn't know any spells.
Your spell library was empty.

Dungeon Overview and Level Annotations

Branches:
Dungeon (1/1)

Altars:
Cheibriados
Dithmenos
Elyvilon
Fedhas
Gozag
Hepliaklqana
Kikubaaqudgha
Makhleb
Nemelex Xobeh
Okawaru
Qazlal
Ru
Sif Muna
Trog
Uskayaw
Vehumet
Wu Jian
Xom
Yredelemnul
Zin
The Shining One
Beogh
Jiyva
Lugonu

Annotations:
D Josephine


Innate Abilities, Weirdness & Mutations

You are clumsy. (Dex -2)
Armour fits poorly on your strangely shaped body.
Your spells are a little easier to cast, but a little less powerful.


Message History

Unknown command.
Your unstable footing causes you to fumble your attack.
Josephine hits you with a +1 dagger of protection!
Josephine hits Josephine but does no damage.
Unknown command.
You completely miss Josephine.
Josephine is severely wounded.
You block Josephine's attack.
Josephine hits Josephine but does no damage.
Unknown command.
Your unstable footing causes you to fumble your attack.
Josephine shimmers and vanishes!
Josephine drinks a potion.
Josephine is healed!
Your unstable footing causes you to fumble your attack.
You block Josephine's attack.
Unknown command.
Your unstable footing causes you to fumble your attack.
Unknown command.
You hit Josephine but do no damage.
Josephine is moderately wounded.
Josephine hits you with a +1 dagger of protection!
Unknown command.
You closely miss Josephine.
Josephine is moderately wounded.
You block Josephine's attack. Josephine barely misses you.
You block Josephine's attack.
You hit Josephine.
Josephine is moderately wounded.
You barely miss Josephine.
Josephine is moderately wounded.
Josephine hits you but does no damage.
You slice Josephine!!
Josephine is severely wounded.
Josephine hits you with a +1 dagger of protection.
You barely miss Josephine.
Josephine is severely wounded.
Josephine gestures at you while chanting.
The ghostly flame explodes!
The ghostly fireball engulfs you!!
You feel drained.
You die...

.#...#__)#)_#
.###'#'###'##
.#.....)....#
.'.⌠........#
.#...######'#
.#.⌠.#__#...#+#####
.#...#__#...#..§§§+
.#)###__#...#.#§§§#
.#.::#__#...'.#@@§#
.#___#__'...#.#§§§#
▓▓▓▓▓▓▓▓▓▓▓▓▓▓▓▓▓▓▓


You could see Josephine.

Vanquished Creatures
  A deep elf pyromancer (D)
  A shadow (D)
  A spatial vortex (D)
  A water elemental (D)
  A necrophage (D)
  A scorpion (D)
  A jelly (D)
  A wizard (D)
  A necromancer (D)
  3 humans (D)
  A kobold demonologist (D)
  2 endoplasms (D)
  2 rats (D)
17 creatures vanquished.

Notes
Turn   | Place    | Note
-------+----------+-------------------------------------------
     0 | D        | mhtbhm the Hill Orc Fighter began the quest for the Orb.
     0 | D        | Reached XP level 1. HP: 19/19 MP: 1/1
     6 | D        | Reached skill level 3 in Axes
   110 | D        | Noticed a scorpion
   126 | D        | Killed a scorpion
   127 | D        | Reached skill level 5 in Fighting
   127 | D        | Reached skill level 5 in Axes
   127 | D        | Reached skill level 5 in Armour
   127 | D        | Reached skill level 5 in Shields
   127 | D        | Reached XP level 2. HP: 30/30 MP: 2/2
   127 | D        | Reached XP level 3. HP: 37/37 MP: 3/3
   127 | D        | Reached XP level 4. HP: 44/44 MP: 4/4
   228 | D        | Gained mutation: You are clumsy. (Dex -2) [potion of
                  | mutation]
   228 | D        | Gained mutation: You have a pair of small horns on your
                  | head. [potion of mutation]
   229 | D        | Lost mutation: You have a pair of small horns on your head.
                  | [potion of mutation]
   229 | D        | Lost mutation: You are clumsy. (Dex -2) [potion of
                  | mutation]
   229 | D        | Gained mutation: You tend to lose your temper in combat.
                  | [potion of mutation]
   229 | D        | Gained mutation: Your body sometimes deteriorates upon
                  | taking damage. [potion of mutation]
   230 | D        | Lost mutation: Your body sometimes deteriorates upon taking
                  | damage. [potion of mutation]
   230 | D        | Lost mutation: You tend to lose your temper in combat.
                  | [potion of mutation]
   230 | D        | Gained mutation: You are clumsy. (Dex -2) [potion of
                  | mutation]
   230 | D        | Gained mutation: Your spells are a little easier to cast,
                  | but a little less powerful. [potion of mutation]
   230 | D        | Gained mutation: Armour fits poorly on your strangely
                  | shaped body. [potion of mutation]
   231 | D        | Noticed a water elemental
   234 | D        | Killed a water elemental
   235 | D        | Reached skill level 6 in Axes
   235 | D        | Reached XP level 5. HP: 31/52 MP: 5/5
   241 | D        | Found a hide-covered altar of Uskayaw.
   241 | D        | Found a roughly hewn altar of Beogh.
   241 | D        | Found an iron altar of Okawaru.
   241 | D        | Found a bloodstained altar of Trog.
   241 | D        | Found an ornate altar of the Wu Jian Council.
   241 | D        | Noticed a human
   241 | D        | Noticed a human
   246 | D        | Killed a human
   247 | D        | Reached skill level 8 in Axes
   247 | D        | Reached XP level 6. HP: 25/62 MP: 6/6
   250 | D        | Killed a human
   251 | D        | Reached skill level 9 in Axes
   483 | D        | Found a basalt altar of Yredelemnul.
   483 | D        | Found a shadowy altar of Dithmenos.
   483 | D        | Found a sacrificial altar of Ru.
   494 | D        | Reached skill level 10 in Axes
   494 | D        | Reached XP level 7. HP: 13/71 MP: 7/7
   822 | D        | Became a worshipper of Trog the Wrathful
   829 | D        | Found a glowing silver altar of Zin.
   829 | D        | Found a glowing golden altar of the Shining One.
   829 | D        | Found a white marble altar of Elyvilon.
   830 | D        | Noticed a deep elf pyromancer
   842 | D        | Killed a deep elf pyromancer
   843 | D        | Reached skill level 12 in Axes
   843 | D        | Reached skill level 10 in Armour
   843 | D        | Reached XP level 8. HP: 56/82 MP: 8/8
   958 | D        | Found a radiant altar of Vehumet.
   958 | D        | Found a shimmering blue altar of Sif Muna.
   958 | D        | Found an ancient bone altar of Kikubaaqudgha.
   965 | D        | Reached * piety under Trog
  1009 | D        | Reached ** piety under Trog
  1010 | D        | Noticed a shadow
  1021 | D        | Killed a shadow
  1022 | D        | Reached skill level 13 in Axes
  1237 | D        | Found a blossoming altar of Fedhas.
  1237 | D        | Found a stormy altar of Qazlal.
  1237 | D        | Found a snail-covered altar of Cheibriados.
  1237 | D        | Found a burning altar of Makhleb.
  1237 | D        | Found a shimmering altar of Xom.
  1238 | D        | Found a hazy altar of Hepliaklqana.
  1238 | D        | Found an opulent altar of Gozag.
  1238 | D        | Found a sparkling altar of Nemelex Xobeh.
  1238 | D        | Found a corrupted altar of Lugonu.
  1238 | D        | Found a viscous altar of Jiyva.
  1252 | D        | Reached skill level 1 in Dodging
  1353 | D        | Noticed Josephine
  1375 | D        | Killed from afar by Josephine

Illustrated notes

Levels and vault maps discovered:
D:        dungeon_sprint_mu [sprint_mu_entry_forest, sprint_mu_temple_rooms,
          sprint_mu_d1_horrors, sprint_mu_d2_genie, sprint_mu_d3_branching,
          sprint_mu_orc_legion, sprint_mu_elf_gauntlet, sprint_mu_hive_nellie,
          sprint_mu_lair_fedhas, sprint_mu_vaults_butterflies,
          sprint_mu_slime_circle, sprint_mu_swamp_cave, sprint_mu_snake_twists,
          sprint_mu_blade_basic, sprint_mu_crypt_fortress,
          sprint_mu_tomb_spiral, sprint_mu_vestibule_basic,
          sprint_mu_gehenna_hellfire, sprint_mu_dis_giant,
          sprint_mu_tartarus_statrot, sprint_mu_cocytus_islands, sprint_mu_zot1]

Skill      XL: |  1  2  3  4  5  6  7  8 |
---------------+-------------------------+-----
Fighting       | 5 7 8 9 11 | 11.9
Axes           | 5 6 8 10 12 13 | 13.6
Armour         | 5 6 7 9 10 | 10.9
Shields        | 5 6 7 8 |  8.5
Dodging        | 1 |  1.0

Action                   |  1- 3 |  4- 6 |  7- 9 || total
-------------------------+-------+-------+-------++-------
Melee: War axe           |    13 |    22 |    60 ||    95
Evoke: Phantom mirror    |       |       |     1 ||     1
  Use: Potion            |     2 |     5 |       ||     7
Armor: Scale mail        |     9 |     1 |     4 ||    14
Dodge: Dodged            |     8 |     4 |     7 ||    19
Block: Buckler           |     3 |     4 |     5 ||    12

Table legend: (Time is in decaauts)
 A = Elapsed time spent in this place.
 B = Non-inter-level travel time spent in this place.
 C = Inter-level travel time spent in this place.
 D = Time resting spent in this place.
 E = Time spent auto-exploring this place.
 F = Levels seen in this place.
 G = Mean time per level.
                   A        B        C        D        E       F      G
               +--------+--------+--------+--------+--------+-----+--------+
         Total |   1367 |   1367 |      0 |   1053 |      1 |   1 | 1367.0 |
       Dungeon |   1367 |   1367 |      0 |   1053 |      1 |   1 | 1367.0 |
               +--------+--------+--------+--------+--------+-----+--------+

Top non-repeatable levels by time:
       D: 1367 daAuts
